AoeStats
← IsInYourFacex77

Lombardia

510149495Analyzed
4v4 RM · 19h ago on Sep 29, 2026· 74m 32s· 8 players
Game mode
Random Map
Map size
Large (8 player)
Population
200
Speed
Normal
Resources
Standard
Victory
Conquest
Starting age
Dark Age
Ending age
Imperial Age
RankedLock teamsTeams togetherTeam positionsShared explorationLock speedFull tech treeHidden civsTurbo modeCheats
Victory
Defeat
🇩🇪 Danes · Germany
1148
+15
🇩🇪 Mongols · Germany
1137
+16
🇨🇳 Britons · China
1117
+16
🇩🇪 Varangians · Germany
1116
+17
🇵🇱 Wei · Poland
1143
-17
🇵🇱 Mongols · Poland
1132
-16
🇬🇧 Britons · United Kingdom
1130
-16
🇩🇪 Romans · Germany
1115
-15
FDTD
9:45 Feudal Age
9:11 Loom
11:50 Double-Bit Axe
12:15 Horse Collar
18:35 Wheelbarrow
21:28 Castle Age
19:49 Man-at-Arms
20:53 Scale Mail Armor
22:07 Forging
22:00 Long Swordsman
22:41 Squires
22:57 Chain Mail Armor
33:28 Town Watch
34:16 Hand Cart
38:02 Imperial Age
37:15 Bow Saw
37:28 Pikeman
40:02 Iron Casting
39:40 Legionary
41:04 Conscription
40:33 Halberdier
43:48 Comitatenses
45:48 Blast Furnace
58:55 Scale Barding Armor
58:15 Light Cavalry
58:57 Husbandry
59:09 Bloodlines
61:48 Chain Barding Armor
63:52 Plate Barding Armor
68:39 Heavy Plow
kubeszek
10:09 Feudal Age
10:42 Loom
11:57 Double-Bit Axe
15:35 Castle Age
13:58 Horse Collar
16:43 Heavy Plow
22:33 Bow Saw
22:18 Stone Mining
23:31 Town Watch
24:29 Gold Mining
25:23 Husbandry
25:49 Fletching
26:13 Bloodlines
27:26 Bodkin Arrow
29:16 Wheelbarrow
30:48 Hand Cart
31:18 Ballistics
31:02 Padded Archer Armor
34:28 Imperial Age
33:14 Leather Archer Armor
33:05 Squires
33:48 Gold Shaft Mining
33:48 Stone Shaft Mining
33:53 Forging
34:39 Town Patrol
35:12 Bracer
34:44 Elite Mangudai
36:00 Conscription
37:01 Drill
37:26 Elite Steppe Lancer
38:34 Capped Ram
41:03 Chemistry
41:12 Iron Casting
40:00 Heavy Camel Rider
40:12 Siege Ram
52:06 Caravan
55:30 Fortified Wall
57:38 Pikeman
58:45 Thumb Ring
58:11 Elite Skirmisher
59:20 Parthian Tactics
60:18 Hoardings
Xemcio
3:23 Loom
10:44 Feudal Age
12:21 Double-Bit Axe
12:51 Horse Collar
17:03 Wheelbarrow
20:31 Castle Age
18:43 Gold Mining
18:45 Stone Mining
21:21 Bow Saw
22:50 Heavy Plow
25:29 Forging
25:25 Scale Barding Armor
27:08 Iron Casting
27:13 Hand Cart
26:43 Town Watch
27:44 Bloodlines
28:53 Chain Barding Armor
29:24 Husbandry
34:27 Husbandry
35:28 Gold Shaft Mining
39:11 Imperial Age
37:20 Tuntian
37:32 Treadmill Crane
37:48 Murder Holes
37:46 Fletching
39:59 Bodkin Arrow
40:04 Padded Archer Armor
43:09 Conscription
43:35 Fortified Wall
45:31 Elite Tiger Cavalry
48:01 Blast Furnace
52:09 Caravan
54:14 Chemistry
58:16 Ming Guang Armor
58:07 Pikeman
58:47 Squires
58:50 Scale Mail Armor
60:11 Chain Mail Armor
65:22 Man-at-Arms
66:33 Masonry
66:50 Ballistics
66:40 Masonry
67:08 Crop Rotation
66:19 Long Swordsman
67:04 Two-Handed Swordsman
71:15 Arson
Farrix
9:14 Loom
11:00 Feudal Age
15:53 Double-Bit Axe
19:26 Castle Age
18:09 Horse Collar
19:30 Fletching
20:51 Wheelbarrow
22:29 Crossbowman
26:08 Padded Archer Armor
26:41 Ballistics
26:30 Bodkin Arrow
27:25 Gold Mining
28:47 Hand Cart
31:35 Leather Archer Armor
34:19 Imperial Age
35:07 Bracer
35:37 Ring Archer Armor
34:53 Arbalester
37:41 Chemistry
39:07 Elite Skirmisher
41:05 Elite Longbowman
43:56 Bow Saw
46:41 Yeomen
47:24 Capped Ram
53:18 Pikeman
53:58 Squires
54:35 Forging
54:26 Scale Mail Armor
55:19 Conscription
59:08 Caravan
70:09 Two-Man Saw
69:41 Halberdier
redwolfliu
11:05 Feudal Age
10:32 Loom
11:38 Double-Bit Axe
11:49 Horse Collar
13:50 Stone Mining
16:30 Castle Age
17:18 Wheelbarrow
17:48 Heavy Plow
18:28 Bow Saw
22:57 Gold Mining
29:49 Imperial Age
27:44 Fletching
28:46 Hand Cart
29:40 Gold Shaft Mining
29:04 Bodkin Arrow
29:32 Ballistics
30:18 Padded Archer Armor
30:00 Pikeman
31:24 Conscription
33:02 Bracer
33:18 Leather Archer Armor
34:05 Chemistry
34:53 Two-Man Saw
34:08 Squires
33:55 Arson
33:58 Elite Longbowman
36:16 Yeomen
36:11 Scale Mail Armor
37:26 Ring Archer Armor
37:19 Forging
36:40 Halberdier
38:15 Chain Mail Armor
38:09 Caravan
40:51 Plate Mail Armor
42:03 Warwolf
42:52 Iron Casting
43:47 Scale Barding Armor
44:44 Blast Furnace
43:54 Scale Barding Armor
46:56 Chain Barding Armor
45:59 Light Cavalry
46:41 Husbandry
54:16 Plate Barding Armor
54:53 Town Watch
74:20 Coinage
74:03 Guilds
Lino
7:14 Loom
9:57 Feudal Age
10:51 Double-Bit Axe
13:32 Horse Collar
19:18 Castle Age
17:42 Gold Mining
20:37 Bow Saw
21:25 Heavy Plow
21:23 Stone Mining
21:41 Scale Mail Armor
21:59 Gambesons
23:24 Wheelbarrow
23:39 Squires
25:08 Forging
27:22 Hand Cart
28:27 Gold Shaft Mining
29:46 Stone Shaft Mining
29:58 Iron Casting
29:13 Arson
31:46 Murder Holes
34:09 Ballistics
35:22 Caravan
35:10 Pikeman
37:24 Chain Mail Armor
42:32 Imperial Age
41:32 Padded Archer Armor
42:01 Fletching
42:31 Leather Archer Armor
41:40 Elite Skirmisher
42:29 Hamask
42:41 Halberdier
44:11 Plate Mail Armor
43:22 Elite Varangian Guard
44:21 Capped Ram
46:40 Blast Furnace
46:40 Conscription
48:02 Siege Ram
49:31 Town Watch
49:28 Elite Jomsviking
54:07 Town Patrol
60:03 Chemistry
59:15 Masonry
59:53 Fletching
68:41 Hoardings
69:17 Bodkin Arrow
72:25 Arrowslits
72:47 Siege Engineers
IsInYourFacex77
5:15 Loom
9:59 Feudal Age
11:12 Loom
14:06 Castle Age
12:20 Double-Bit Axe
12:41 Horse Collar
21:19 Bow Saw
21:20 Heavy Plow
21:57 Town Watch
23:54 Wheelbarrow
25:49 Hand Cart
26:18 Gold Mining
26:32 Stone Mining
27:12 Scale Barding Armor
27:18 Forging
28:16 Chain Barding Armor
28:17 Bloodlines
28:09 Husbandry
30:08 Iron Casting
30:18 Caravan
35:52 Imperial Age
35:54 Cavalier
37:11 Plate Barding Armor
36:05 Vendel Legacy
39:04 Fletching
40:51 Blast Furnace
39:47 Bodkin Arrow
40:01 Light Cavalry
44:23 Ballistics
45:04 Chemistry
44:10 Siege Engineers
48:29 Hussar
65:02 Two-Man Saw
67:22 Crop Rotation
Oggi93
0:56 Loom
11:39 Feudal Age
15:11 Castle Age
13:38 Fletching
14:35 Double-Bit Axe
14:50 Town Watch
21:08 Gold Mining
24:05 Horse Collar
26:51 Bodkin Arrow
27:43 Ballistics
27:34 Fortified Wall
27:53 Husbandry
29:07 Padded Archer Armor
29:39 Guard Tower
31:53 Bloodlines
34:39 Scale Barding Armor
34:46 Forging
36:07 Wheelbarrow
35:33 Town Patrol
41:01 Imperial Age
40:35 Nomads
41:00 Hand Cart
41:46 Elite Skirmisher
42:32 Thumb Ring
42:54 Parthian Tactics
43:43 Chemistry
42:56 Masonry
42:44 Murder Holes
43:22 Heavy Plow
44:25 Bracer
44:41 Leather Archer Armor
46:06 Elite Mangudai
56:16 Siege Engineers
56:55 Coinage
60:36 Drill
60:37 Conscription
60:54 Hoardings
63:52 Banking
73:54 Caravan
74:47 Bow Saw
Connection lost

Rejoining the realm…

Still unreachable

The connection could not be restored.

Session expired

The server has moved on; the page needs a fresh start.